 Dungeon Crawl Stone Soup version 0.25-a0-420-g1cc7eeb0d1 (webtiles) character file.

Game seed: 965827183362463979, levelgen mode: deterministic

161 ReteAZ the Chopper (level 5, -6/46 HPs)
             Began as a Minotaur Fighter on Jan 19, 2020.
             Mangled by a two-headed ogre
             ... wielding a cursed -1 dire flail
              (12 damage)
             ... on level 3 of the Dungeon.
             The game lasted 00:01:59 (1900 turns).

ReteAZ the Chopper (Minotaur Fighter)               Turns: 1900, Time: 00:01:59

Health: -6/46      AC:  7    Str: 21    XL:     5   Next: 18%
Magic:  4/4        EV:  8    Int:  5    God:
Gold:   126        SH:  9    Dex: 10    Spells: 4/4 levels left

rFire    . . .     SeeInvis .   a - +0 war axe
rCold    . . .     Gourm    .   u - +0 shield (curse)
rNeg     . . .     Faith    .   b - +0 scale mail
rPois    .         Spirit   .   (helmet restricted)
rElec    .         Reflect  .   (no cloak)
rCorr    .         Harm     .   (no gloves)
MR       .....                  (no boots)
Stlth    ..........             (no amulet)
HPRegen  0.15/turn              (no ring)
MPRegen  0.09/turn              (no ring)

@: no status effects
A: retaliatory headbutt, horns 2
a: no special abilities


You were on level 3 of the Dungeon.
You were not hungry.

You visited 1 branch of the dungeon, and saw 3 of its levels.

You collected 126 gold pieces.

Inventory:

Hand Weapons
 a - a +0 war axe (weapon)
Armour
 b - a +0 scale mail (worn)
 c - a +0 shield
 u - a cursed +0 shield (worn)
Jewellery
 k - a cursed -3 ring of strength {unknown}
Wands
 q - a wand of iceblast (20)
 r - a wand of random effects (7)
Scrolls
 h - 3 scrolls of teleportation {unknown}
 i - a scroll of enchant armour {unknown}
 j - 4 scrolls of identify {unknown}
 v - a scroll of noise {unknown}
Potions
 d - 2 potions of might
 e - a potion of heal wounds {unknown}
 g - 2 potions of resistance
 m - a potion of flight {unknown}
 n - a potion of invisibility {unknown}
 o - a potion of ambrosia {unknown}
 p - a potion of lignification {unknown}
 s - a potion of magic {unknown}
 t - a potion of curing {unknown}
Comestibles
 f - 9 rations


   Skills:
 - Level 4.1 Fighting
 * Level 5.5 Axes
 - Level 4.0 Armour
 + Level 1.0 Dodging
 + Level 0.2 Stealth
 - Level 4.0 Shields


You had 4 spell levels left.
You didn't know any spells.
Your spell library was empty.

Dungeon Overview and Level Annotations

Branches:
Dungeon (3/15)

Altars:
Wu Jian


Innate Abilities, Weirdness & Mutations

You reflexively headbutt those who attack you in melee.
You have a pair of horns on your head.


Message History

You block the two-headed ogre's attack.
You hit the two-headed ogre but do no damage.
Your headbutt misses the two-headed ogre.
The two-headed ogre is heavily wounded.
The two-headed ogre hits you but does no damage.
You block the two-headed ogre's attack.
You closely miss the two-headed ogre.
The two-headed ogre is heavily wounded.
The two-headed ogre hits you with a cursed -1 dire flail!
You block the two-headed ogre's attack.
You hit the two-headed ogre.
The two-headed ogre is heavily wounded.
The two-headed ogre hits you with a cursed -1 dire flail!
* * * LOW HITPOINT WARNING * * *
You block the two-headed ogre's attack.
You closely miss the two-headed ogre. You headbutt the two-headed ogre!
The two-headed ogre is severely wounded.
The two-headed ogre closely misses you.
The two-headed ogre hits you with a +0 giant club!
You die...

.....#
####..............#
######
#..<.......######.# #
####.#........####
#####................#
#.....#####.......##.#
#.....# #........##.#
#.....# #...#######.#
#.....# #...# ##.##
#.....# #@### #...#
###.###....O..# #.#<#
#.# #%......# #...#
#.# #...(...# ##.##
#.# #.......# #.# #.#
#.......# #.# #.#
#.......# ##.# ####.#
#.......# #..# #....#
#.##


You could see a two-headed ogre.

Vanquished Creatures
  Ijyb (D:3)
  4 gnolls (D:3)
  An adder (D:3)
  3 oozes
  3 worms
  A dart slug (D:1)
  7 orcs (D:3)
  A giant cockroach (D:2)
  4 goblins
  11 hobgoblins
  11 kobolds
  5 bats
  4 frilled lizards
  10 rats
66 creatures vanquished.

Notes
Turn   | Place    | Note
-------+----------+-------------------------------------------
     0 | D:1      | ReteAZ the Minotaur Fighter began the quest for the Orb.
     0 | D:1      | Reached XP level 1. HP: 19/19 MP: 0/0
   104 | D:1      | Reached XP level 2. HP: 27/27 MP: 1/1
   187 | D:1      | Reached skill level 3 in Axes
   507 | D:1      | Reached XP level 3. HP: 33/33 MP: 2/2
   982 | D:2      | Reached skill level 4 in Axes
  1333 | D:3      | Noticed Ijyb
  1351 | D:3      | Killed Ijyb
  1351 | D:3      | Reached XP level 4. HP: 40/40 MP: 3/3
  1540 | D:3      | Found an ornate altar of the Wu Jian Council.
  1568 | D:3      | Reached skill level 5 in Axes
  1606 | D:3      | Reached skill level 1 in Dodging
  1612 | D:3      | Reached XP level 5. HP: 37/46 MP: 4/4
  1894 | D:3      | Noticed a two-headed ogre
  1900 | D:3      | Mangled by a two-headed ogre

Levels and vault maps discovered:
D:1:      noname_arrival_rooms_in_the_neighbourhood, layout_loops_ring,
          st_stairs_4, supply_closet_lemuel
D:2:      layout_loops_ring
D:3:      layout_loops_cross, overflow_temple_1_default, uniq_ijyb

Skill      XL: |  1  2  3  4 |
---------------+-------------+-----
Axes           | 3 4 5 |  5.5
Fighting       | 4 |  4.1
Armour         | 4 |  4.0
Shields        | 4 |  4.0
Dodging        | 1 |  1.0
Stealth        | |  0.2

Action                   |  1- 3 |  4- 6 || total
-------------------------+-------+-------++-------
Melee: War axe           |   112 |    52 ||   164
       Headbutt          |    15 |     5 ||    20
  Eat: Chunk             |     2 |     1 ||     3
Armor: Scale mail        |    34 |    13 ||    47
Dodge: Dodged            |    43 |    18 ||    61
Block: Shield            |    45 |    30 ||    75

Table legend:
 A = Non-vault XP
 B = Vault XP
 C = Vault XP percentage of total XP
 D = Non-vault monster count
 E = Vault monster count
 F = Vault count percentage of total count
                 A         B        C        D         E       F
            +---------+---------+-------+---------+---------+-------
      Total |     187 |      43 |  18.7 |      63 |       3 |   4.5
            +---------+---------+-------+---------+---------+-------
        D:1 |      38 |       8 |  17.4 |      20 |       2 |   9.1
        D:2 |      40 |       0 |   0.0 |      21 |       0 |   0.0
        D:3 |     109 |      35 |  24.3 |      22 |       1 |   4.3
            +---------+---------+-------+---------+---------+-------
